 Dungeon Sprint DCSS version 0.15-a0-90-g85a0ca6 (webtiles) character file.

1096 BluebellGnoll the Cleaver (level 8, -8/74 HPs)
             Began as a Hill Orc Fighter on Apr 8, 2014.
             Was a Believer of Yredelemnul.
             Shot with an arrow by a centaur warrior (22 damage)
             ... in the Dungeon (Sprint IX: "|||||||||||||||||||||||||||||").
             The game lasted 00:05:40 (480 turns).

BluebellGnoll the Cleaver (Hill Orc Fighter)         Turns: 480, Time: 00:05:40

HP  -8/74        AC 10     Str 24      XL: 8   Next: 31%
MP  19/19        EV  8     Int  8      God: Yredelemnul [**....]
Gold 0           SH 25     Dex 13      Spells:  0 memorised,  7 levels left

rFire  . . .     SeeInvis .     o - +2,+3 war axe (freeze)
rCold  . . .     Clarity  .     b - +0 scale mail
rNeg   . . .     Conserve .     c - +0 shield
rPois  .         rCorr    .     (no helmet)
rElec  .         rRot     .     (no cloak)
SustAb . .       Spirit   .     p - +0 pair of gloves
rMut   .         Warding  .     q - +0 pair of boots
Saprov + . .     NoTele   +     (no amulet)
MR     .....                    s - +3 ring of dexterity
                                r - +3 ring of strength

@: not resistant to hostile enchantments, extremely unstealthy
A: saprovore 1
a: Animate Remains, Recall Undead Slaves, Injury Mirror, Renounce Religion


You were in the Dungeon.
You worshipped Yredelemnul.
Yredelemnul was pleased with you.
You were hungry.

You visited 1 branch

Inventory:

Hand weapons
 a - a +0,+0 war axe
 o - a +2,+3 war axe of freezing (weapon)
Missiles
 u - 4 darts (quivered)
Armour
 b - a +0 scale mail (worn)
 c - a +0 shield (worn)
 p - a +0 pair of gloves (worn)
 q - a +0 pair of boots (worn)
Magical devices
 n - a wand of fire (7)
Comestibles
 d - a meat ration
Scrolls
 k - 2 scrolls of blinking
 l - 3 scrolls of remove curse
 m - 2 scrolls of amnesia
Jewellery
 r - a +3 ring of strength (left hand)
 s - a +3 ring of dexterity (right hand)
Potions
 e - a potion of might
 f - 3 potions of curing
 g - a potion of heal wounds
 h - a potion of haste
 i - 4 potions of magic
 j - a potion of invisibility


   Skills:
 + Level 7.9 Fighting
 - Level 13.7 Axes
 + Level 7.4 Armour
 - Level 10.8 Shields
 - Level 8.2 Invocations


You had 7 spell levels left.
You didn't know any spells.

Dungeon Overview and Level Annotations

Branches:
Dungeon (1/1)

Altars:
Ashenzari
Cheibriados
Dithmenos
Elyvilon
Fedhas
Kikubaaqudgha
Makhleb
Nemelex Xobeh
Okawaru
Sif Muna
Trog
Vehumet
Xom
Yredelemnul
Zin
The Shining One


Innate Abilities, Weirdness & Mutations

You can tolerate rotten meat.


Message History

You are feeling hungry.
You start resting.
The centaur warrior shouts!
The centaur warrior unwields a +2,+2 halberd of venom.
It stops dripping with poison.
The centaur warrior wields an uncursed bow.
The centaur warrior shoots an arrow.
The arrow hits you!
* * * LOW HITPOINT WARNING * * *
There is an open door to the Dungeon here.
Things that are here:
an arrow; 4 darts
t - an arrow;
u - 4 darts The centaur warrior shoots an arrow.
The arrow hits you!
The centaur warrior shoots an arrow.
The arrow hits you!
* * * LOW HITPOINT WARNING * * *
You see here 2 arrows.
You drop an arrow.
The centaur warrior shoots an arrow.
You stop dropping stuff.
The arrow hits you!
You die...
Your body rises from the dead as a mindless zombie.

▓)▓
▓'▓
▓c▓
▓.▓
▓.▓
▓.▓
▓.▓
▓'▓
▓@▓
▓.▓
▓.▓
▓.▓
▓.▓
▓.▓
▓.▓
▓<▓
▓▓▓


You could see a centaur warrior.

Vanquished Creatures
  A manticore (D)
  A hippogriff (D)
  A mottled dragon (D)
  A yellow wasp (D)
  2 centaurs (D)
  A giant frog (D)
  2 scorpions (D)
  A jelly (D)
  A gnoll shaman (D)
  A giant gecko (D)
  A kobold (D)
  4 goblins (D)
  A rat (D)
18 creatures vanquished.

Vanquished Creatures (others)
  A giant frog zombie (D)
  A yellow wasp zombie (D)
  2 centaur zombies (D)
  2 scorpion zombies (D)
  A goblin zombie (D)
7 creatures vanquished.

Grand Total: 25 creatures vanquished

Notes
Turn   | Place    | Note
--------------------------------------------------------------
     0 | D        | BluebellGnoll, the Hill Orc Fighter, began the quest for the Orb.
     0 | D        | Reached XP level 1. HP: 19/19 MP: 1/1
    12 | D        | Reached skill level 4 in Axes
    19 | D        | Reached skill level 5 in Axes
    25 | D        | Noticed a scorpion
    25 | D        | Noticed a centaur
    25 | D        | Noticed a jelly
    27 | D        | Reached XP level 2. HP: 24/26 MP: 2/2
    31 | D        | Killed a jelly
    31 | D        | Reached skill level 9 in Axes
    31 | D        | Reached XP level 3. HP: 31/31 MP: 3/3
    34 | D        | Killed a centaur
    34 | D        | Reached skill level 12 in Axes
    34 | D        | Reached XP level 4. HP: 39/39 MP: 4/4
    34 | D        | Reached XP level 5. HP: 45/45 MP: 5/5
    40 | D        | Killed a scorpion
    40 | D        | Reached skill level 13 in Axes
    47 | D        | Found a glowing silver altar of Zin.
    47 | D        | Found a shattered altar of Ashenzari.
    47 | D        | Found a shimmering altar of Xom.
    47 | D        | Found an ancient bone altar of Kikubaaqudgha.
    47 | D        | Found a sparkling altar of Nemelex Xobeh.
    47 | D        | Found a basalt altar of Yredelemnul.
    47 | D        | Found a snail-covered altar of Cheibriados.
    48 | D        | Found a radiant altar of Vehumet.
    49 | D        | Found a glowing silver altar of Zin.
    50 | D        | Found a deep blue altar of Sif Muna.
    51 | D        | Found a white marble altar of Elyvilon.
    52 | D        | Found a burning altar of Makhleb.
    53 | D        | Found a blossoming altar of Fedhas.
    54 | D        | Found an iron altar of Okawaru.
    55 | D        | Became a worshipper of Yredelemnul the Dark
    56 | D        | Found a shadowy altar of Dithmenos.
    57 | D        | Found a shattered altar of Ashenzari.
    58 | D        | Found a bloodstained altar of Trog.
    59 | D        | Found a glowing golden altar of the Shining One.
   141 | D        | Noticed a giant frog
   141 | D        | Noticed a scorpion
   141 | D        | Noticed a yellow wasp
   141 | D        | Noticed a centaur
   141 | D        | Noticed a gnoll shaman
   141 | D        | Noticed a hippogriff
   149 | D        | Killed a hippogriff
   149 | D        | Reached XP level 6. HP: 40/51 MP: 6/6
   157 | D        | Killed a gnoll shaman
   159 | D        | Killed a centaur
   159 | D        | Acquired Yredelemnul's first power
   159 | D        | Reached skill level 10 in Shields
   162 | D        | Paralysed by a yellow wasp for 3 turns
   169 | D        | Killed a yellow wasp
   169 | D        | Reached skill level 5 in Invocations
   169 | D        | Reached XP level 7. HP: 17/57 MP: 3/14
   174 | D        | Killed a scorpion
   178 | D        | Killed a giant frog
   178 | D        | Acquired Yredelemnul's second power
   379 | D        | Noticed a killer bee
   379 | D        | Noticed a centaur
   379 | D        | Noticed a centaur warrior
   379 | D        | Noticed a mottled dragon
   379 | D        | Noticed a manticore
   391 | D        | Killed a manticore
   391 | D        | Reached XP level 8. HP: 30/73 MP: 19/19
   392 | D        | Killed a mottled dragon
   400 | D        | HP: 1/74 [barbs]
   480 | D        | Shot with an arrow by a centaur warrior

Action                   |  1- 3 |  4- 6 |  7- 9 || total
-------------------------+-------+-------+-------++-------
Melee: War axe           |    18 |    31 |    19 ||    68
Invok: Animate Remains   |       |       |     8 ||     8
       Injury Mirror     |       |       |     1 ||     1
  Use: Potion            |     1 |       |     4 ||     5
